 Dungeon Crawl Stone Soup version 0.29.1-15-g9cfb28693d (webtiles) character file.

Game seed: 16418955433972569257

7046 javelincjr the Fighter (level 11, 0/84 HPs)
             Began as a Djinni Conjurer on Mar 17, 2023.
             Was the Champion of Jiyva.
             Slain by a troll (11 damage)
             ... on level 9 of the Dungeon.
             The game lasted 00:30:38 (5497 turns).

javelincjr the Fighter (Djinni Conjurer)            Turns: 5497, Time: 00:30:39

Health: 0/84       AC:  4    Str:  8    XL:     11   Next: 30%
Gold:   151        EV: 17    Int: 21    God:    Jiyva [******] SH:  0 Dex: 13

rFire   + + .      SeeInvis +   l - +12 quarterstaff of Inconvenience {drain, rCorr}
rCold   + . .      Faith    .   (shield currently unavailable)
rNeg    . . .      Spirit   .   w - +0 robe {rC+}
rPois   ∞          Reflect  .   (no helmet)
rElec   .          Harm     .   (no cloak)
rCorr   +          Rampage  .   (no gloves)
Will    +....                   (boots unavailable)
Stlth   ++++......              (no amulet)
HPRegen 1.84/turn               c - ring of protection from cold
MPRegen 0.00/turn               y - ring of see invisible

@: flying
A: sickness immunity, fire resistance 2, cold vulnerability 1, float, innate
caster, HP casting, extra vitality 1, acidic bite, gelatinous body 2,
translucent skin 3, tendrils
a: Renounce Religion, Oozemancy, Slimify


You were on level 9 of the Dungeon.
You worshipped Jiyva.
Jiyva was exalted by your worship.
You visited 2 branches of the dungeon, and saw 10 of its levels.

You collected 211 gold pieces.
You spent 60 gold pieces at shops.

Inventory:

Hand Weapons
 b - a +0 spear
 k - a -1 triple crossbow
 l - the +12 quarterstaff of Inconvenience (weapon) {drain, rCorr}
   (You found it on level 5 of the Dungeon)

   A truly terrible weapon, it drains the life of any living foe it strikes.
   rCorr:     It protects you from acid and corrosion.
 u - a +5 flail
 v - a +4 scimitar
 B - a +1 war axe of venom
 C - a +1 short sword of holy wrath
Armour
 a - a +0 robe
 j - a +0 ring mail
 w - a +0 robe of cold resistance (worn)
 G - a +0 plate armour
Magical Staves
 F - a staff of poison
Jewellery
 c - a ring of protection from cold (left hand)
 m - a +4 ring of evasion
 q - a +6 ring of dexterity
 s - a ring of fire
 y - a ring of see invisible (right hand)
Wands
 i - a wand of roots (12)
 A - a wand of light (5)
 H - a wand of mindburst (14)
Scrolls
 f - 6 scrolls of identify {unknown}
 g - a scroll of immolation {unknown}
 h - 4 scrolls of poison {unknown}
 n - 2 scrolls of noise {unknown}
 o - 2 scrolls of amnesia {unknown}
 r - a scroll of enchant weapon {unknown}
 x - 2 scrolls of teleportation {unknown}
Potions
 d - 2 potions of curing
 e - 2 potions of heal wounds {unknown}
 p - 2 potions of magic {unknown}
 t - a potion of degeneration {unknown}
 z - a potion of mutation {unknown}
 D - a potion of attraction {unknown}
 E - a potion of cancellation {unknown}


   Skills:
 * Level 9.2 Fighting
 - Level 1.0(3.3) Polearms
 + Level 5.5(5.6) Staves
 - Level 0.1 Ranged Weapons
 + Level 8.1 Dodging
 + Level 6.8 Stealth
 + Level 6.4 Spellcasting


You couldn't memorise any spells.
You knew the following spells:

 Your Spells              Type           Power      Damage    Failure   Level
a - Magic Dart            Conj           100%       1d8       1%          1
b - Searing Ray           Conj           66%        2d6       1%          2
c - Dazzling Flash        Conj/Hex       66%        N/A       1%          3
d - Fulminant Prism       Conj/Hex       16%        3d11      7%          4
e - Iskenderun's Mystic   Conj/Tloc      33%        2d8       7%          4
f - Freeze                Ice            100%       1d11      1%          1
g - Wereblood             Tmut           33%        N/A       1%          2
h - Swiftness             Air            33%        N/A       1%          3
i - Passage of Golubria   Tloc           33%        N/A       7%          4
j - Leda's Liquefaction   Hex/Erth       16%        N/A       7%          4
Your spell library was empty.

Dungeon Overview and Level Annotations

Branches:
Dungeon (9/15)             Temple (1/1) D:7
   Lair: D:8-11         Orc: D:9-12

Altars:
Ashenzari
Cheibriados
Dithmenos
Elyvilon
Fedhas
Gozag
Hepliaklqana
Makhleb
Okawaru
Qazlal
Ru
Trog
Uskayaw
Wu Jian
Xom
Yredelemnul
Zin
The Shining One
Jiyva

Shops:
D:4 *


Innate Abilities, Weirdness & Mutations

You are immune to sickness and miasma.
You are immune to poison.
Your flesh is very heat resistant. (rF++)
You are vulnerable to cold. (rC-)
You float through the air rather than walking.
You learn spells naturally, not from books.
Your magical power is your life essence.
You have superior vitality. (+4 MHP)
You have acidic saliva.
Your pliable body absorbs attacks. (AC +2, EV +2)
Your transparent skin significantly reduces your foes' accuracy. (Stealth+)
You are covered in slimy tendrils that may disarm your opponents.


Message History

The two-headed ogre hits the jelly with a +0 giant spiked club!!
The jelly dies!
Casting: Magic Dart (safe; 1% risk of failure)
Confirm with . or Enter, or press ? or * to list all spells.
You erupt in a blast of force!
The mystic blast hits the troll!
The troll is almost dead.
The troll is knocked back by the mystic blast.
* * * LOW HITPOINT WARNING * * *
Casting: Iskenderun's Mystic Blast (dangerous; 7% risk of failure)
Confirm with . or Enter, or press ? or * to list all spells.
You erupt in a blast of force!
The mystic blast hits the troll.
The troll is almost dead.
The troll is knocked back by the mystic blast.
* * * LOW HITPOINT WARNING * * *
You fly upwards.
There is a stone staircase leading down here.
You start resting.
HP restored.
You fly downwards.
The two-headed ogre hits you with a +0 giant club!!
You shudder from the blow and a jelly pops out!
The two-headed ogre completely misses you.
The troll misses you. x2; The troll barely misses you.
The troll bites you! The troll claws you! The troll misses you.
There is a stone staircase leading up here.
Casting: Iskenderun's Mystic Blast (dangerous; 7% risk of failure)
Confirm with . or Enter, or press ? or * to list all spells.
Really blast near the azure jelly?
This attack would place you under penance!
Okay, then.
Casting: Iskenderun's Mystic Blast (dangerous; 7% risk of failure)
Confirm with . or Enter, or press ? or * to list all spells.
Casting: Dazzling Flash (safe; 1% risk of failure)
Press: ? - help, Dir - look around, f - activate The two-headed ogre is dazzled.
The two-headed ogre hits you with a +0 giant club!!
* * * LOW HITPOINT WARNING * * *
You shudder from the blow and a jelly pops out!
The two-headed ogre misses you. The troll barely misses you.
The troll claws you!
You die...

.......#.....####.#
.............##.#.#
#.......##...P...#
#................#
#................#
#.........#....#.#
#.........##T.##.#
#....TJ...#.O..#.#
####.#@..##..♣## #
#.#O.J#P†..P[#
#.#.###..~~.P#
#.#.# #..~~..#
#.#.. #PP...P#
#.### ###♣..## #.
P.# .##


You could see a two-headed ogre (blind, ally target), a troll, a friendly azure
jelly (summoned) and a friendly rockslime (summoned).

Vanquished Creatures
  A hydra (D:9)
  The ghost of nroviw the Protected, a novice GnWn of Okawaru (D:5)
  Joseph (D:7)
  A troll (D:9)
  Prince Ribbit (D:5)
  17 yaks
  2 steam dragons
  An acid dragon (D:8)
  3 water moccasins
  An orc warrior (D:8)
  2 black bears
  2 sky beasts
  3 centaurs
  2 kobold brigands
  6 bullfrogs
  2 scorpions
  8 wights (D:6)
  3 quasits (D:5)
  2 hounds
  3 orc priests
  2 gnoll boudas (D:6)
  Ijyb (D:4)
  An iguana (D:7)
  3 orc wizards (D:8)
  13 gnolls (D:6)
  5 adders
  An ufetubus (D:6)
  3 worms
  A dart slug (D:2)
  8 orcs
  4 ball pythons
  4 bats
  2 giant cockroaches
  6 goblins
  3 hobgoblins
  3 jackals (D:1)
  17 kobolds
  2 quokkas
  3 rats
144 creatures vanquished.

Vanquished Creatures (others)
  A water moccasin (D:8)
  A centaur (D:7)
  15 jellies
  Terence (D:3)
  2 adders
  3 dart slugs
  An orc (D:8)
  A ball python (D:2)
  3 bats
  An endoplasm (D:3)
  3 giant cockroaches
  4 goblins
  2 hobgoblins
  3 jackals (D:1)
  A kobold (D:2)
  3 quokkas
  3 frilled lizards
  2 rats
  16 fulminant prisms
  5 plants (D:9)
71 creatures vanquished.

Grand Total: 215 creatures vanquished

Notes
Turn   | Place    | Note
-------+----------+-------------------------------------------
     0 | D:1      | javelincjr the Djinni Conjurer began the quest for the Orb.
     0 | D:1      | javelincjr set off with the following spells memorised:
                  | Magic Dart, Searing Ray, Dazzling Flash, Fulminant Prism,
                  | Iskenderun's Mystic Blast.
     0 | D:1      | Reached XP level 1. HP: 15/15 MP: 0/0
    25 | D:1      | Found a faded altar of an unknown god.
    30 | D:1      | Prayed at the altar of an unknown god.
    30 | D:1      | Became a worshipper of Jiyva Joxer the Shapeless
    30 | D:1      | Reached * piety under Jiyva
    97 | D:1      | Reached XP level 2. HP: 5/21 MP: 0/0
    98 | D:1      | HP: 1/21 [ball python (2)]
   515 | D:1      | Reached ** piety under Jiyva
   614 | D:2      | Reached XP level 3. HP: 25/25 MP: 0/0
   614 | D:2      | Learned a level 1 spell: Freeze
   890 | D:2      | Reached XP level 4. HP: 31/31 MP: 0/0
  1207 | D:3      | Noticed a scorpion
  1218 | D:3      | Killed a scorpion
  1219 | D:3      | Reached XP level 5. HP: 34/35 MP: 0/0
  1219 | D:3      | Learned a level 2 spell: Wereblood
  1238 | D:3      | Killed Terence
  1250 | D:3      | Reached *** piety under Jiyva
  1570 | D:3      | Gained mutation: Your translucent skin slightly reduces
                  | your foes' accuracy. (Stealth+) [Jiyva's grace]
  1570 | D:3      | Gained mutation: Your translucent skin reduces your foes'
                  | accuracy. (Stealth+) [Jiyva's grace]
  1570 | D:3      | Gained mutation: Your transparent skin significantly
                  | reduces your foes' accuracy. (Stealth+) [Jiyva's grace]
  1570 | D:3      | Gained mutation: You have a pair of small horns on your
                  | head. [Jiyva's grace]
  1740 | D:4      | Reached **** piety under Jiyva
  1758 | D:4      | Noticed Ijyb
  1770 | D:4      | Killed Ijyb
  2010 | D:4      | Found Jibbe's Lightly-Used Armoury.
  2018 | D:4      | Bought a -1 triple crossbow for 60 gold pieces
  2142 | D:5      | Entered Level 5 of the Dungeon
  2142 | D:5      | Noticed Prince Ribbit
  2148 | D:5      | Killed Prince Ribbit
  2149 | D:5      | Reached skill level 2 in Fighting
  2149 | D:5      | Reached skill level 1 in Polearms
  2149 | D:5      | Reached XP level 6. HP: 30/43 MP: 0/0
  2149 | D:5      | Reached XP level 7. HP: 34/49 MP: 0/0
  2149 | D:5      | Learned a level 3 spell: Swiftness
  2190 | D:5      | Identified the +12 quarterstaff of Inconvenience {drain,
                  | rCorr}
  2254 | D:5      | Found a transporter.
  2260 | D:5      | Noticed nroviw's ghost (novice GnWn)
  2335 | D:5      | Reached ***** piety under Jiyva
  2347 | D:5      | Found a transporter.
  2703 | D:5      | Reached skill level 1 in Staves
  2715 | D:5      | Reached skill level 3 in Fighting
  2806 | D:5      | Killed nroviw's ghost
  2807 | D:5      | Reached skill level 4 in Fighting
  2807 | D:5      | Reached skill level 5 in Dodging
  2807 | D:5      | Reached XP level 8. HP: 44/58 MP: 0/0
  2890 | D:6      | Reached skill level 5 in Fighting
  2890 | D:6      | Reached XP level 9. HP: 58/65 MP: 0/0
  2890 | D:6      | Learned a level 4 spell: Passage of Golubria
  2893 | D:6      | Reached skill level 5 in Spellcasting
  3058 | D:6      | Lost mutation: You have a pair of small horns on your head.
                  | [Jiyva's grace]
  3058 | D:6      | Gained mutation: You have acidic saliva. [Jiyva's grace]
  3058 | D:6      | Gained mutation: You are covered in slimy tendrils that may
                  | disarm your opponents. [Jiyva's grace]
  3058 | D:6      | Gained mutation: Your rubbery body absorbs attacks. (AC +1,
                  | EV +1) [Jiyva's grace]
  3058 | D:6      | Gained mutation: Your pliable body absorbs attacks. (AC +2,
                  | EV +2) [Jiyva's grace]
  3395 | D:6      | Reached skill level 5 in Stealth
  3544 | D:7      | Reached skill level 6 in Fighting
  3624 | D:7      | Reached XP level 10. HP: 52/73 MP: 0/0
  3662 | D:7      | Noticed Joseph
  3664 | D:7      | Reached skill level 7 in Fighting
  3683 | D:7      | Killed Joseph
  3856 | D:7      | Found a staircase to the Ecumenical Temple.
  3866 | Temple   | Entered the Ecumenical Temple
  4130 | D:7      | Reached ****** piety under Jiyva
  4574 | D:8      | Reached skill level 8 in Fighting
  4656 | D:8      | Reached skill level 5 in Staves
  4666 | D:8      | Reached XP level 11. HP: 27/82 MP: 0/0
  4666 | D:8      | Learned a level 4 spell: Leda's Liquefaction
  5423 | D:9      | Noticed a five-headed hydra
  5438 | D:9      | Found the +1 robe of Vines {NoPotionHeal Regen++++}
  5443 | D:9      | Killed a five-headed hydra
  5443 | D:9      | Noticed a two-headed ogre
  5444 | D:9      | Reached skill level 9 in Fighting
  5497 | D:9      | Slain by a troll

Illustrated notes

Levels and vault maps discovered:
D:1:      grunt_arrival_crossed_arrows, layout_basic,
          chequers_ecumenical_altar_simple_redux
D:2:      layout_loops_ring
D:3:      layout_basic, minmay_misc_feat_secret_circle, uniq_terence
D:4:      layout_cave_pools, minmay_shop_damaged, uniq_ijyb
D:5:      layout_basic, gammafunk_ghost_stat_death, hex_tiny,
          uniq_prince_ribbit1
D:6:      layout_basic
D:7:      layout_loops_ring, lemuel_temple_firewalk_b, uniq_joseph
D:8:      layout_basic, minmay_crossroads
D:9:      cheibrodos_two_vegetables, layout_basic, david_lair_shrubbed,
          statue_in_the_mist_lemuel, grunt_decor_junction,
          amcnicky_mini_corridor_feature, minmay_liquid_box, minmay_hedge_maze,
          hellmonk_guarded_unrand_vines
Temple:   mainiacjoe_temple_hex_bubbles

Skill      XL: |  1  2  3  4  5  6  7  8  9 10 11 |
---------------+----------------------------------+-----
Stealth        | 2 3 4 5 6 |  6.8
Dodging        | 3 4 5 6 7 8 |  8.1
Spellcasting   | 4 5 6 |  6.4
Fighting       | 2 4 5 6 8 9 |  9.2
Polearms       | 1 |  1.0
Staves         | 2 3 5 |  5.5
Ranged Weapons | |  0.1

Action                   |  1- 3 |  4- 6 |  7- 9 | 10-12 || total
-------------------------+-------+-------+-------+-------++-------
Melee: Spear             |    25 |     7 |       |       ||    32
       Punch             |     1 |       |       |       ||     1
       Headbutt          |       |     1 |     5 |       ||     6
       Quarterstaff      |       |       |    62 |    77 ||   139
       Bite              |       |       |     3 |    13 ||    16
 Fire: Triple crossbow   |       |     1 |       |       ||     1
 Cast: Magic Dart        |    29 |    19 |    12 |    23 ||    83
       Searing Ray       |     9 |    14 |     3 |     1 ||    27
       Iskenderun's Myst |       |       |    27 |    35 ||    62
       Fulminant Prism   |       |       |    11 |     5 ||    16
       Freeze            |       |       |     1 |       ||     1
       Swiftness         |       |       |     1 |       ||     1
       Dazzling Flash    |       |       |       |     1 ||     1
  Use: Potion            |       |       |     1 |       ||     1
 Stab: Sleeping          |       |       |     3 |     2 ||     5
       Distracted        |       |       |     1 |       ||     1
Armor: Robe              |    18 |     6 |     8 |    10 ||    42
Dodge: Dodged            |    34 |    22 |   106 |   121 ||   283
